 Dungeon Crawl Stone Soup version 0.29-a0-275-g389c0b56f3 (webtiles) character file.

Game seed: 2822927703093538502

96 siradein the Bolt Thrower (level 4, -11/28 HPs)
             Began as a Kobold Hunter on Mar 10, 2022.
             Mangled by an ogre
             ... wielding a +0 giant spiked club
              (19 damage)
             ... on level 4 of the Dungeon.
             The game lasted 00:07:00 (2975 turns).

siradein the Bolt Thrower (Kobold Hunter)           Turns: 2975, Time: 00:07:00

Health: -11/28     AC:  3    Str:  9    XL:     4   Next: 98%
Magic:  4/4        EV: 15    Int: 12    God:
Gold:   113        SH:  0    Dex: 17    Spells: 3/3 levels left

rFire   . . .      SeeInvis .   a - +1 hand crossbow
rCold   . . .      Faith    .   (no shield)
rNeg    . . .      Spirit   .   b - +0 leather armour
rPois   .          Reflect  .   (no helmet)
rElec   .          Harm     .   (no cloak)
rCorr   .          Rampage  .   (no gloves)
Will    .....                   (no boots)
Stlth   +++.......              (no amulet)
HPRegen 0.09/turn               (no ring)
MPRegen 0.09/turn               (no ring)

@: no status effects
A: small, no large weapons, nightstalker 3
a: no special abilities


You were on level 4 of the Dungeon.
You visited 1 branch of the dungeon, and saw 4 of its levels.

You collected 113 gold pieces.

Inventory:

Hand Weapons
 a - a +1 hand crossbow (weapon)
Armour
 b - a +0 leather armour (worn)
Jewellery
 o - an amulet of reflection
Scrolls
 c - a scroll of immolation
 e - a scroll of vulnerability {unknown}
 f - a scroll of amnesia {unknown}
 h - 2 scrolls of teleportation {unknown}
 l - 2 scrolls of blinking {unknown}
 n - a scroll of identify {unknown}
Potions
 d - a potion of lignification {unknown}
 g - a potion of mutation {unknown}
 i - a potion of degeneration {unknown}
 j - a potion of brilliance {unknown}
 k - a potion of heal wounds {unknown}
 m - 2 potions of curing {unknown}


   Skills:
 + Level 3.1 Fighting
 + Level 6.0 Crossbows
 + Level 0.7 Armour
 + Level 3.3 Dodging
 + Level 3.1 Stealth


You had 3 spell levels left.
You didn't know any spells.
Your spell library contained the following spells:

 Spells                   Type           Power      Damage    Failure   Level
 Beastly Appendage        Tmut           0%         N/A       41%         1
 Wereblood                Tmut           0%         N/A       56%         2
 Spider Form              Tmut/Pois      0%         N/A       80%         3
 Fireball                 Conj/Fire      0%         3d3       100%        5
 Starburst                Conj/Fire      0%         6d3       100%        6
 Ignition                 Fire           0%         3d3       100%        8


Dungeon Overview and Level Annotations

Branches:
Dungeon (4/15)
 Temple: D:4-7

Altars:

Annotations:
D:3 3 runed translucent doors


Innate Abilities, Weirdness & Mutations

You are small and have problems with some larger weapons.
You are completely attuned to the shadows.


Message History

You are poisoned.
The adder poisons you!
You shoot a bolt. The bolt closely misses the adder.
You feel sick. The adder bites you.
You shoot a bolt. The bolt hits the adder.
The adder is lightly wounded.
You feel sick. The adder bites you but does no damage.
The adder closely misses you.
You shoot a bolt. The bolt barely misses the adder.
You feel sick.
You are no longer poisoned.
The adder bites you but does no damage. x2
You shoot a bolt. The bolt hits the adder.
The adder is heavily wounded.
The adder misses you.
You shoot a bolt. The bolt hits the adder.
You kill the adder!
No target in view!
No target in view!
HP restored.
An ogre is nearby!
An ogre is nearby!
An ogre is nearby!
An ogre is nearby!
You shoot a bolt. The bolt hits the ogre!
The ogre shouts!
The ogre is moderately wounded.
You shoot a bolt. The bolt hits the ogre!
The ogre is heavily wounded.
The ogre attacks as you move away! The ogre completely misses you.
The ogre attacks as you move away! The ogre barely misses you.
The ogre attacks as you move away! The ogre closely misses you.
The ogre attacks as you move away!
The ogre hits you with a +0 giant spiked club!!
Ouch! That really hurt!
* * * LOW HITPOINT WARNING * * *
The ogre attacks as you move away! The ogre barely misses you.
There is a stone staircase leading up here.
The ogre hits you with a +0 giant spiked club!!
Ouch! That really hurt!
You die...

...........##.##'####....###..#
...............................
......####.##..#.##.#....###..##
.......((...#..#.##.#....#
.##......................#
.##...####..#..#.##.#.####
.##...# #..#..#.##.#.# .##...#
#..#..#O##.#.# ......
...#..#@##.###. .##...#
#..#..#........ ..#...#
#..#....##.###. .##...#
#.............. .##...##
#..#.#.###.###. ..)....#
#..#.#..##.#
.##....###..#)##.##.#
...............#.##.#
.##.#..####....#.##.#


You could see an ogre.

Vanquished Creatures
  3 adders
  2 worms (D:2)
  4 dart slugs
  An orc (D:4)
  4 bats
  5 endoplasms
  3 giant cockroaches
  5 goblins
  4 hobgoblins
  5 jackals (D:1)
  A quokka (D:3)
  2 ball pythons
  5 frilled lizards
  4 kobolds
  3 rats
51 creatures vanquished.

Notes
Turn   | Place    | Note
-------+----------+-------------------------------------------
     0 | D:1      | siradein the Kobold Hunter began the quest for the Orb.
     0 | D:1      | Reached XP level 1. HP: 12/12 MP: 1/1
    98 | D:1      | Reached XP level 2. HP: 18/18 MP: 2/2
   677 | D:1      | Reached XP level 3. HP: 22/22 MP: 3/3
  1110 | D:2      | Reached XP level 4. HP: 23/27 MP: 4/4
  1800 | D:3      | Found a runed translucent gate.
  1801 | D:3      | Found a runed translucent gate.
  1802 | D:3      | Found a runed translucent gate.
  2580 | D:4      | Noticed a water moccasin
  2663 | D:4      | Noticed an ogre
  2693 | D:4      | Noticed an ogre
  2740 | D:4      | Reached skill level 6 in Crossbows
  2975 | D:4      | Mangled by an ogre

Illustrated notes

Levels and vault maps discovered:
D:1:      wander_arrival_fairy_ring, layout_loops_ring,
          amcnicky_mini_rare_corridor_liquid, minmay_misc_feat_four_crosses
D:2:      layout_basic
D:3:      layout_basic, gammafunk_ghost_necromancy
D:4:      layout_basic

Skill      XL: |  1  2  3  4 |
---------------+-------------+-----
Stealth        | 2 3 |  3.1
Dodging        | 3 |  3.3
Fighting       | 3 |  3.1
Crossbows      | 6 |  6.0
Armour         | |  0.7

Action                   |  1- 3 |  4- 6 || total
-------------------------+-------+-------++-------
 Fire: Hand crossbow     |    77 |    45 ||   122
Armor: Leather armour    |     6 |     3 ||     9
Dodge: Dodged            |    21 |    13 ||    34

Table legend: (Time is in decaauts)
 A = Elapsed time spent in this place.
 B = Non-inter-level travel time spent in this place.
 C = Inter-level travel time spent in this place.
 D = Time resting spent in this place.
 E = Time spent auto-exploring this place.
 F = Levels seen in this place.
 G = Mean time per level.
                   A        B        C        D        E       F      G
               +--------+--------+--------+--------+--------+-----+--------+
         Total |   3006 |   2938 |     68 |      0 |   2561 |   4 |  751.5 |
       Dungeon |   3006 |   2938 |     68 |      0 |   2561 |   4 |  751.5 |
               +--------+--------+--------+--------+--------+-----+--------+

Top non-repeatable levels by time:
     D:3: 986 daAuts
     D:2: 815 daAuts
     D:1: 717 daAuts
     D:4: 488 daAuts
